 Dungeon Crawl Stone Soup version 0.19-a0-1051-gdb7e7f8 (console) character file.

723 brucemayne the Cleaver (level 7, 0/51 HPs)
             Began as a Vampire Berserker on Aug 1, 2016.
             Was a Priest of Trog.
             Slain by an adder (2 damage)
             ... on level 6 of the Dungeon.
             The game lasted 00:06:25 (1545 turns).

brucemayne the Cleaver (Vampire Berserker)          Turns: 1545, Time: 00:06:26

Health: 0/51       AC: 12    Str: 18    XL:     7   Next: 43%
Magic:  2/2        EV:  8    Int:  9    God:    Trog [***...]
Gold:   197        SH:  0    Dex: 14    Spells: 0 memorised, 6 levels left

rFire  . . .     SeeInvis +     x - +0 hand axe (antimagic)
rCold  . . .     Gourm    .     t - +0 chain mail
rNeg   + . .     Faith    .     (no shield)
rPois  .         Spirit   .     m - +0 helmet
rElec  .         Dismiss  .     (no cloak)
rCorr  .         Reflect  .     y - +1 pair of gloves
SustAt .         Harm     .     g - +0 pair of boots
MR     .....                    (no amulet)
Stlth  ..........               (no ring)
                                (no ring)

@: exhausted, slowed, very slow, not resistant to hostile enchantments,
extremely unstealthy
A: fangs 3, see invisible, unbreathing
a: Bat Form, Berserk, Trog's Hand, Burn Spellbooks, Renounce Religion


You were on level 6 of the Dungeon.
You worshipped Trog.
Trog was most pleased with you.
You were not thirsty.

You visited 2 branches of the dungeon, and saw 7 of its levels.

You collected 197 gold pieces.

Inventory:

Hand Weapons
 a - a +0 hand axe
 s - a +0 blowgun
 x - a +0 antimagic hand axe (weapon)
Missiles
 u - 10 poisoned needles
Armour
 b - a +0 animal skin
 f - a +0 leather armour
 g - a +0 pair of boots (worn)
 h - a +0 shield
 m - a +0 helmet (worn)
 o - a +0 ring mail
 t - a +0 chain mail (worn)
 y - a +1 pair of gloves (worn)
Scrolls
 e - a scroll of fog
 i - a scroll of noise
 j - a scroll of magic mapping
 k - 3 scrolls of remove curse {unknown}
 l - a scroll of enchant armour {unknown}
 n - 4 scrolls of identify {unknown}
 p - a scroll of immolation {unknown}
 q - a scroll of amnesia {unknown}
 z - a scroll of random uselessness {unknown}
Potions
 c - 8 potions of blood
 d - 2 potions of flight {unknown}
 r - a potion of mutation {unknown}
 v - a potion of heal wounds {unknown}
 w - a potion of curing {unknown}


   Skills:
 - Level 2.6 Fighting
 + Level 8.0 Axes
 - Level 1.5 Armour
 - Level 2.1 Dodging


You had 6 spell levels left.
You didn't know any spells.

Dungeon Overview and Level Annotations

Branches:
Dungeon (6/15)             Temple (1/1) D:5

Altars:
Ashenzari
Cheibriados
Dithmenos
Fedhas
Gozag
Hepliaklqana
Kikubaaqudgha
Nemelex Xobeh
Okawaru
Pakellas
Qazlal
Ru
Sif Muna
Trog
Uskayaw
Vehumet
Xom
Yredelemnul
Zin

Annotations:
D:4 Grinder


Innate Abilities, Weirdness & Mutations

You have razor-sharp teeth.
You have supernaturally acute eyesight. (SInv)
You can survive without breathing.


Message History

You slash the adder!
You kill the adder!
Trog accepts your kill.
Unknown command.
You hit the quokka skeleton. Your bite misses the quokka skeleton.
The quokka skeleton is heavily damaged.
An adder comes into view.
You hit the quokka skeleton.
You destroy the quokka skeleton!
Unknown command.
You are no longer berserk.
You are exhausted.
You feel yourself slow down. The adder bites you but does no damage.
Things that are here:
a halberd; a gnoll corpse Unknown command.
You hit the adder.
The adder is heavily wounded.
The adder bites you.
You die...

#.# #.# ...
#.# ##.##
... #.# #
##.###.#
#..)@S.#
#..)##.#
...$..#.# #
#.#####.#
#.# # #.#
#.#####.#
###.......#
.......<.##


You could see an adder.

Vanquished Creatures
  A necrophage (D:5)
  2 eyes of draining (D:5)
  An ogre (D:5)
  2 howler monkeys
  An orc priest (D:4)
  Jessica (D:2)
  An iguana (D:5)
  Terence (D:3)
  Natasha (D:2)
  A worker ant (D:4)
  Robin (D:2)
  3 gnolls (D:6)
  4 adders
  4 worms
  2 dart slugs
  4 giant geckos
  2 ball pythons
  4 bats
  3 giant cockroaches
  8 goblins
  7 hobgoblins
  3 jackals (D:3)
  A giant gecko skeleton (D:4)
  5 kobolds
  A quokka skeleton (D:6)
  5 rats (D:2)
69 creatures vanquished.

Vanquished Creatures (others)
  8 fungi (D:6)
8 creatures vanquished.

Grand Total: 77 creatures vanquished

Notes
Turn   | Place    | Note
-------+----------+-------------------------------------------
     0 | D:1      | brucemayne the Vampire Berserker began the quest for the Orb.
     0 | D:1      | Reached XP level 1. HP: 17/17 MP: 1/1
    50 | D:1      | Reached skill level 3 in Axes
   119 | D:2      | Reached XP level 2. HP: 23/23 MP: 2/2
   256 | D:2      | Found a deep blue altar of Sif Muna.
   257 | D:2      | Found an ancient bone altar of Kikubaaqudgha.
   258 | D:2      | Found a radiant altar of Vehumet.
   347 | D:2      | Noticed Robin
   351 | D:2      | Reached ** piety under Trog
   351 | D:2      | Reached XP level 3. HP: 19/28 MP: 3/3
   359 | D:2      | Killed Robin
   359 | D:2      | Reached skill level 4 in Axes
   624 | D:3      | Reached XP level 4. HP: 23/34 MP: 4/4
   763 | D:2      | Noticed Natasha
   771 | D:2      | Killed Natasha
   825 | D:4      | Reached skill level 5 in Axes
   859 | D:4      | Noticed Grinder
   912 | D:2      | Noticed Jessica
   928 | D:2      | Killed Jessica
   928 | D:2      | Reached XP level 5. HP: 23/39 MP: 5/5
   939 | D:3      | Noticed Terence
   948 | D:3      | Killed Terence
  1006 | D:5      | Entered Level 5 of the Dungeon
  1006 | D:5      | Noticed a necrophage
  1013 | D:5      | Killed a necrophage
  1013 | D:5      | Reached skill level 6 in Axes
  1013 | D:5      | Reached XP level 6. HP: 46/46 MP: 6/6
  1273 | D:5      | Reached skill level 7 in Axes
  1275 | D:5      | Found a staircase to the Ecumenical Temple.
  1299 | Temple   | Entered the Ecumenical Temple
  1321 | D:5      | Found a bloodstained altar of Trog.
  1331 | D:5      | Reached XP level 7. HP: 51/51 MP: 0/7
  1428 | D:6      | Reached *** piety under Trog
  1536 | D:6      | Reached skill level 8 in Axes
  1539 | D:6      | HP: 3/76 [gnoll/halberd (5)]
  1545 | D:6      | Slain by an adder

Vault maps used:
D:1:      lemuel_arrival_rhombus
D:2:      grunt_temple_overflow_magic_moments, minmay_tetromino_t4,
          uniq_natasha, uniq_robin, uniq_jessica
D:3:      first_bread, uniq_terence
D:4:      uniq_grinder
D:5:      serial_shops, shop_statue, trog_eyes_of_draining
D:6:      lemuel_slime, nicolae_overflow_crystal_walls, nrook_loot_triangle
Temple:   minmay_freezing_vapour_temple

Skill      XL: |  1  2  3  4  5  6  7 |
---------------+----------------------+-----
Axes           | 3 4 5 6 7 8 |  8.0
Fighting       | |  2.6
Armour         | |  1.5
Dodging        | |  2.1

Action                   |  1- 3 |  4- 6 |  7- 9 || total
-------------------------+-------+-------+-------++-------
Melee: Hand axe          |    84 |   122 |    28 ||   234
       Bite              |     9 |    16 |     4 ||    29
Invok: Berserk           |     3 |     3 |     1 ||     7
       Burn Spellbooks   |     1 |       |       ||     1
       Trog's Hand       |       |     2 |       ||     2
 Abil: End Transformatio |       |     2 |       ||     2
       Bat Form          |       |     2 |       ||     2
  Use: Potion            |     4 |     4 |     3 ||    11
       Scroll            |       |     3 |       ||     3
Armor: Leather armour    |    30 |       |       ||    30
       Ring mail         |       |    16 |       ||    16
       Chain mail        |       |    26 |    10 ||    36
Dodge: Dodged            |    44 |    51 |    14 ||   109
